 Dungeon Crawl Stone Soup version 0.14-a0-392-gc633370 (webtiles) character file.

2129 PolkaDot the Cloud Mage (level 8, 0/50 HPs)
             Began as a Vampire Wizard on Oct 26, 2013.
             Was an Initiate of Sif Muna.
             Slain by a phantom (9 damage)
             ... on Level 6 of the Dungeon.
             The game lasted 00:37:56 (6843 turns).

PolkaDot the Cloud Mage (Vampire Wizard)            Turns: 6843, Time: 00:37:56

HP   0/50        AC  7     Str  6      XL: 8   Next: 95%
MP   2/18        EV 12     Int 22      God: Sif Muna [......]
Gold 211         SH  0     Dex 12      Spells:  3 memorised,  6 levels left

Res.Fire  : . . .   See Invis. : +   f - +4,+2 elf short sword (flame)
Res.Cold  : . . .   Warding    : .   a - +0 robe
Life Prot.: + . .   Conserve   : .   (no shield)
Res.Poison: .       Res.Corr.  : .   b - +0 wizard hat
Res.Elec. : .       Clarity    : .   h - +1 cloak
Sust.Abil.: . .     Spirit.Shd : .   p - +0 pair of gauntlets
Res.Mut.  : .       Stasis     : .   (no boots)
Res.Rott. : .       Flight     : .   (no amulet)
Saprovore : . . .                    r - cursed +2 ring of protection
                                     (no ring)

@: very slightly contaminated, somewhat resistant to hostile enchantments,
stealthy
A: bottle blood, fangs 3, see invisible, unbreathing
a: Bat Form, Bottle Blood, Renounce Religion


You were on level 6 of the Dungeon.
You worshipped Sif Muna.
Sif Muna was noncommittal.
You were not thirsty.

You visited 2 branches of the dungeon, and saw 7 of its levels.

You collected 191 gold pieces.

Inventory:

Hand weapons
 f - a +4,+2 elven short sword of flaming (weapon)
 m - a +0,+1 orcish spear
Armour
 a - a +0 robe (worn)
 b - a +0 wizard hat (worn)
 g - a +0 dwarven buckler
 h - a +1 cloak (worn)
 p - a +0 pair of gauntlets (worn)
 q - a +0 ice dragon armour
Magical devices
 j - a wand of enslavement (7)
Scrolls
 e - a scroll of recharging {unknown}
 i - 3 scrolls of identify
 k - 3 scrolls of fog
 n - 2 scrolls of remove curse
 o - 2 scrolls of curse jewellery
Jewellery
 d - an uncursed ring of hunger
 r - a cursed +2 ring of protection (right hand)
Books
 c - a book of Minor Magic

   Spells                             Type                      Level
   *Magic Dart                        Conjuration                  1
   Blink                              Translocation                2
   Call Imp                           Summoning                    2
   Repel Missiles                     Charms/Air                   2
   Slow                               Hexes                        2
   *Conjure Flame                     Conjuration/Fire             3
   *Mephitic Cloud                    Conjuration/Poison/Air       3


   Skills:
 + Level 2.7 Armour
 - Level 2.1 Dodging
 - Level 3.0 Stealth
 - Level 3.0 Spellcasting
 - Level 5.2 Conjurations
   Level 1.0 Summonings
   Level 0.7 Translocations
 * Level 8.5 Air Magic


You had 6 spell levels left.
You knew the following spells:

 Your Spells              Type           Power        Failure   Level  Hunger
a - Magic Dart            Conj           ####         1%          1    None
d - Mephitic Cloud        Conj/Pois/Air  ###.....     8%          3    ###....
s - Conjure Flame         Conj/Fire      ##......     14%         3    ###....


Dungeon Overview and Level Annotations

Branches:
Dungeon (6/27)             Temple (1/1) D:5
    Orc: D:6-11

Altars:
Ashenzari
Cheibriados
Makhleb
Okawaru
Sif Muna
Trog
Yredelemnul
Zin
the Shining One

Annotations:
D:6 Edmund


Innate Abilities, Weirdness & Mutations

You can bottle blood from corpses.
You have razor-sharp teeth.*
You have supernaturally acute eyesight.
You can survive without breathing.*


Message History

The ice beast looks frightened!
It was a scroll of fear.
Edmund gives up.
The orc wizard prays for help.
Read which item? (? for menu, Esc to quit)
Okay, then.
The orc hits you with a glowing orcish mace.
* * * LOW HITPOINT WARNING * * *
Read which item? (? for menu, Esc to quit)
As you read the scroll labeled UQUTSA SHRUIV, it crumbles to dust.
Your +3,+2 elven short sword of flaming glows green for a moment.
It was a scroll of enchant weapon I.
The orc barely misses the orc.
The ice beast turns to fight!
You hit the orc. You burn the orc.
You kill the orc!
The phantom hits you.
* * * LOW HITPOINT WARNING * * *
You hit the orc. You burn the orc. Your bite misses the orc.
The orc is severely wounded.
The orc barely misses you. The phantom hits you!
You die...

,,,*,,,,,....,,* *,,,,,**,*******
*,,*******#...** *,#*,,**,*******
*,,*****###...####.##..,,,,,,,,,*
*,,,,,,.................,,,,,,,,,
*,,,,,,*###..$o<##,**,,,,,,,,,,,*
*,,,,,,........I.#,**,,,,,****,,*
*,,,,,,*#......#)#,**,,,,,*,,,,,,
*,,,,,,*#....$.#o#,**,,,,,,,,,*,*
*,,,,,,*#......#@#,**,,,,**,***,*
*,,,,,,**##...##p#,**,,,,,,,*,,,,
*,,,,,,***#..p*#.#+**,,,,,,,,,,,*
*,,,,,,*,,,..e,...,,*,,,*,,,,,,,,
*,,,,,,*,,,,,,,...,,,,,,,,,,,,,,*
********,,,,,,.....,*,*,,,,,,,,,,
*,,,,,,.....,*,,,,,,,,,,,,
*,,,,,.......',,,,,,,,,***
*,,,,,,,...,,***,,,,,,,,,,


You could see a phantom, an ice beast and an orc.

Vanquished Creatures
  Grinder (D:3)
  A black bear (D:4)
  A sky beast (D:4)
  An ice beast (D:5)
  A phantom (D:4)
  2 ogres
  2 centaurs (D:5)
  Sigmund (D:3)
  Duvessa (D:6)
  A giant frog (D:6)
  Dowan (D:6)
  2 orc priests
  2 crimson imps (D:5)
  A hound (D:3)
  2 scorpions
  An iguana (D:5)
  7 worker ants
  3 orc wizards
  Ijyb (D:3)
  7 adders
  3 worms
  An adder skeleton (D:5)
  A giant eyeball (D:4)
  8 giant geckos
  24 orcs
  A ball python (D:5)
  17 bats
  6 giant cockroaches
  12 hobgoblins
  13 jackals
  10 kobolds
  A giant gecko zombie (D:5)
  6 giant newts
  10 goblins
  A goblin zombie (D:5)
  14 rats
  2 rat skeletons (D:4)
  A butterfly (D:5)
170 creatures vanquished.

Notes
Turn   | Place    | Note
--------------------------------------------------------------
     0 | D:1      | PolkaDot, the Vampire Wizard, began the quest for the Orb.
     0 | D:1      | Reached XP level 1. HP: 11/11 MP: 6/6
    69 | D:1      | Reached skill level 1 in Conjurations
   514 | D:2      | Reached XP level 2. HP: 4/17 MP: 0/8
   833 | D:2      | Reached XP level 3. HP: 22/22 MP: 3/10
  1621 | D:2      | Reached XP level 4. HP: 28/28 MP: 0/12
  1894 | D:2      | Learned a level 3 spell: Conjure Flame
  1898 | D:2      | Learned a level 3 spell: Mephitic Cloud
  2497 | D:3      | Noticed Grinder
  2502 | D:3      | Killed Grinder
  2502 | D:3      | Reached skill level 4 in Conjurations
  2502 | D:3      | Reached XP level 5. HP: 30/33 MP: 6/13
  2502 | D:3      | Reached XP level 6. HP: 35/39 MP: 6/15
  2566 | D:3      | Found a shattered altar of Ashenzari.
  2816 | D:3      | Noticed Sigmund
  2845 | D:3      | Killed Sigmund
  2845 | D:3      | Reached skill level 5 in Conjurations
  3295 | D:3      | Noticed Ijyb
  3365 | D:3      | Killed Ijyb
  3614 | D:3      | Reached skill level 1 in Air Magic
  3802 | D:3      | Reached XP level 7. HP: 33/44 MP: 3/17
  4387 | D:4      | Reached skill level 5 in Air Magic
  4952 | D:4      | Reached XP level 8. HP: 45/50 MP: 5/18
  4957 | D:4      | Reached skill level 6 in Air Magic
  5014 | D:5      | Entered Level 5 of the Dungeon
  5575 | D:5      | Reached skill level 7 in Air Magic
  5890 | D:5      | Found a staircase to the Ecumenical Temple.
  5903 | D:5      | Reached skill level 1 in Armour
  5911 | Temple   | Entered the Ecumenical Temple
  5919 | Temple   | Became a worshipper of Sif Muna the Loreminder
  6589 | D:5      | Reached skill level 8 in Air Magic
  6753 | D:6      | Noticed Dowan
  6754 | D:6      | Noticed Duvessa
  6763 | D:6      | Killed Duvessa
  6775 | D:6      | Killed Dowan
  6794 | D:6      | Noticed Edmund
  6843 | D:6      | Slain by a phantom

Action                   |  1- 3 |  4- 6 |  7- 9 || total
-------------------------+-------+-------+-------++-------
Melee: Unarmed           |    13 |       |       ||    13
       Spear             |     8 |    28 |    60 ||    96
       Short sword       |       |       |    11 ||    11
 Cast: Magic Dart        |   115 |   115 |   279 ||   509
       Conjure Flame     |       |     6 |    12 ||    18
       Mephitic Cloud    |       |     4 |     8 ||    12
 Abil: Bottle Blood      |       |       |     5 ||     5
  Use: Potion            |     1 |     5 |     4 ||    10
       Scroll            |       |       |    17 ||    17
 Stab: Confused          |       |     2 |       ||     2
       Sleeping          |       |       |     2 ||     2
       Invisible         |       |       |     1 ||     1
